 Dungeon Crawl Stone Soup version 0.29.1-1-gd02db6906a (webtiles) character file.

Game seed: 3893004579662463129

238 Hubris850 the Conjurer (level 5, 0/38 HPs)
             Began as a Draconian Conjurer on Sept 15, 2022.
             Slain by Grinder (4 damage)
             ... on level 3 of the Dungeon.
             The game lasted 00:08:47 (2670 turns).

Hubris850 the Conjurer (Draconian Conjurer)         Turns: 2670, Time: 00:08:47

Health: 0/38       AC:  5    Str: 14    XL:     5   Next: 78%
Magic:  8/18       EV: 12    Int: 27    God:
Gold:   90         SH:  0    Dex:  9    Spells: 5/10 levels left

rFire   + + .      SeeInvis .   t - +4 quarterstaff of Abuse {holy, rF++ rC- Str+5}
rCold   x . .      Faith    .   (shield currently unavailable)
rNeg    . . .      Spirit   .   (body armour unavailable)
rPois   .          Reflect  .   (helmet restricted)
rElec   .          Harm     .   (no cloak)
rCorr   .          Rampage  .   (no gloves)
Will    .....                   (no boots)
Stlth   ++........              (no amulet)
HPRegen 0.12/turn               n - +6 ring of intelligence
MPRegen 0.16/turn               u - ring of magical power

@: no status effects
A: AC +5, unfitting armour, cold-blooded
a: no special abilities


You were on level 3 of the Dungeon.
You visited 1 branch of the dungeon, and saw 3 of its levels.

You collected 129 gold pieces.
You spent 39 gold pieces at shops.

Inventory:

Hand Weapons
 b - a +0 whip
 f - a +0 quarterstaff
 k - a +0 short sword
 q - a +1 dagger of electrocution
 t - the +4 quarterstaff of Abuse (weapon) {holy, rF++ rC- Str+5}
   (You found it on level 3 of the Dungeon)

   It has been blessed by the Shining One to cause great damage to the undead
   and demons.
   Str:       It affects your strength (+5).
   rF:        It greatly protects you from fire.
   rC:        It makes you vulnerable to cold.
Missiles
 c - 5 poisoned darts
Armour
 j - a +0 buckler
 y - an orb of mayhem
Magical Staves
 g - a staff of death
Jewellery
 n - a +6 ring of intelligence (left hand)
 u - a ring of magical power (right hand)
Scrolls
 i - a scroll of fog {unknown}
 m - 4 scrolls of noise {unknown}
 o - 2 scrolls of amnesia {unknown}
 p - a scroll of teleportation {unknown}
 s - a scroll of identify {unknown}
Potions
 a - a potion of magic
 d - a potion of invisibility {unknown}
 h - 2 potions of haste {unknown}
 l - a potion of brilliance {unknown}
 r - a potion of heal wounds {unknown}
 v - a potion of attraction {unknown}
 w - a potion of ambrosia {unknown}
 x - a potion of flight {unknown}


   Skills:
 + Level 1.6 Staves
 + Level 2.9 Dodging
 + Level 3.1 Stealth
 - Level 0.9 Shields
 + Level 3.1 Spellcasting
 + Level 4.8 Conjurations


You had 5 spell levels left.
You knew the following spells:

 Your Spells              Type           Power      Damage    Failure   Level
a - Magic Dart            Conj           100%       1d8       1%          1
b - Searing Ray           Conj           60%        2d6       1%          2
c - Call Imp              Summ           4%         N/A       13%         2

Your spell library contained the following spells:

 Spells                   Type           Power      Damage    Failure   Level
 Dazzling Flash           Conj/Hex       34%        N/A       10%         3
 Mephitic Cloud           Conj/Pois/Air  12%        N/A       14%         3
 Tukima's Dance           Hex            4%         N/A       26%         3
 Fulminant Prism          Conj/Hex       8%         3d7       32%         4
 Iskenderun's Mystic Bla  Conj/Tloc      17%        2d5       32%         4
 Passage of Golubria      Tloc           4%         N/A       65%         4
 Yara's Violent Unravell  Hex/Tmut       2%         3d3       94%         5


Dungeon Overview and Level Annotations

Branches:
Dungeon (3/15)

Altars:

Shops:
D:1 [[*!*   D:2 (

Annotations:
D:3 Grinder


Innate Abilities, Weirdness & Mutations

Your plain brown scales are hard. (AC +5)
You cannot fit into any form of body armour.
You are cold-blooded and may be slowed by cold attacks.


Message History

Your white imp hits Grinder.
Your white imp freezes Grinder.
Grinder completely resists.
Grinder barely misses your white imp.
You hit Grinder.
Grinder convulses.
Grinder is severely wounded.
Your white imp barely misses Grinder.
Grinder blinks!
Grinder says, "Don't move a muscle."
Grinder drinks a potion.
Grinder is healed!
Casting: Call Imp (safe; 13% risk of failure)
Confirm with . or Enter, or press ? or * to list all spells.
Okay, then.
You feel better.
Grinder blinks!
Casting: Call Imp (safe; 13% risk of failure)
Confirm with . or Enter, or press ? or * to list all spells.
Aiming: Searing Ray (safe; 1% risk of failure)
Press: ? - help, Shift-Dir - straight line, f/p - Grinder
Aim: Grinder (heavily wounded, ally target, 77% to hit)
The searing ray hits Grinder!
Grinder is almost dead. (Press . to maintain the ray.) Grinder hits you.
* * * LOW HITPOINT WARNING * * *
The searing ray hits Grinder but does no damage.
Grinder is almost dead.
Grinder gestures at you. Pain shoots through your body!
* * * LOW HITPOINT WARNING * * *
The searing ray misses Grinder.
Your white imp misses Grinder.
Grinder gestures at you. Pain shoots through your body!
* * * LOW HITPOINT WARNING * * *
The searing ray hits Grinder but does no damage.
Grinder is severely wounded.
You finish channelling your searing ray.
Your white imp gestures at Grinder.
The puff of frost hits Grinder.
Grinder resists.
Grinder hits your white imp.
You closely miss Grinder.
Grinder is almost dead.
Your white imp closely misses Grinder.
Grinder hits you.
You die...

####..### ###.
#.## #### ##.# ###
...... ##..#
##.... ######
#..###...#
#.##...# #.##.#
#######...5#######
####
#...[.....@5......
...[.#
#######.##########
...... #.# .#####
#.# #.# #.# #.#
#.#


You could see Grinder (ally target) and a friendly white imp (summoned).

Vanquished Creatures
  Sigmund (D:3)
  2 adders (D:2)
  6 ball pythons
  4 endoplasms
  3 giant cockroaches
  4 goblins
  4 hobgoblins
  4 jackals (D:2)
  2 quokkas (D:1)
  A bat (D:1)
  3 frilled lizards (D:2)
  8 kobolds
  4 rats
46 creatures vanquished.

Notes
Turn   | Place    | Note
-------+----------+-------------------------------------------
     0 | D:1      | Hubris850 the Draconian Conjurer began the quest for the
                  | Orb.
     0 | D:1      | Reached XP level 1. HP: 14/14 MP: 3/3
    28 | D:1      | Found Ticserai's Antique Armour Boutique.
   202 | D:1      | Found Botic's General Store.
   266 | D:1      | Found Oraxyak's Antique Armour Shop.
   481 | D:1      | Found Seid Ficurgh's Distillery.
   489 | D:1      | Bought a potion of curing for 39 gold pieces
   495 | D:1      | Found Tatsext's General Store.
   498 | D:1      | Reached XP level 2. HP: 20/20 MP: 1/5
   793 | D:1      | Found a faded altar of an unknown god.
   822 | D:1      | You fall into a shaft and drop 1 floor!
  1169 | D:1      | Reached XP level 3. HP: 26/26 MP: 2/6
  1172 | D:1      | Learned a level 2 spell: Searing Ray
  1175 | D:1      | Learned a level 2 spell: Call Imp
  2258 | D:2      | Found Zehe's Antique Weapon Boutique.
  2365 | D:3      | Identified the +4 quarterstaff of Abuse {holy, rF++ rC-
                  | Str+5}
  2479 | D:3      | Reached XP level 4. HP: 33/33 MP: 7/7
  2504 | D:3      | Noticed Sigmund
  2515 | D:3      | Killed Sigmund
  2516 | D:3      | Reached skill level 1 in Staves
  2516 | D:3      | Reached XP level 5. HP: 32/38 MP: 9/9
  2637 | D:3      | Noticed Grinder
  2651 | D:3      | Paralysed by Grinder for 2 turns
  2670 | D:3      | Slain by Grinder

Illustrated notes

Levels and vault maps discovered:
D:1:      tarquinn_simple_flora_water_d, layout_loops_cross,
          shapermc_ecumenical_altar_mp_ritualfount, serial_shops, shop, shop,
          nicolae_shop_crystal, nicolae_shop_temple_entry_statues_fountains,
          nicolae_shop_stone
D:2:      layout_loops_ring, serial_shops, nicolae_shop_behind_doors
D:3:      layout_rooms, kennysheep_generic_room_14, uniq_grinder, uniq_sigmund,
          uniq_robin

Skill      XL: |  1  2  3  4 |
---------------+-------------+-----
Stealth        | 2 3 |  3.1
Dodging        | 2 |  2.9
Staves         | 1 |  1.6
Spellcasting   | 3 |  3.1
Shields        | |  0.9
Conjurations   | |  4.8

Action                   |  1- 3 |  4- 6 || total
-------------------------+-------+-------++-------
Melee: Whip              |     5 |       ||     5
       Tailslap          |     7 |     1 ||     8
       Short sword       |    54 |       ||    54
       Quarterstaff      |       |     9 ||     9
 Cast: Magic Dart        |    77 |    12 ||    89
       Call Imp          |       |     3 ||     3
       Searing Ray       |       |     1 ||     1
  Use: Potion            |       |     2 ||     2
Armor: Skin              |    22 |     1 ||    23
Dodge: Dodged            |    53 |     2 ||    55
Block: Buckler           |    13 |       ||    13
